 Dungeon Crawl Stone Soup version 0.23.0 (webtiles) character file.

Game seed: 1677009008828451244

555 H0rd4k the Cutter (level 7, -4/50 HPs)
             Began as a Human Artificer on Feb 14, 2019.
             Slain by a sky beast (5 damage)
             ... on level 4 of the Dungeon on Feb 15, 2019.
             The game lasted 00:10:18 (4725 turns).

H0rd4k the Cutter (Human Artificer)                 Turns: 4725, Time: 00:10:19

Health: -4/50      AC:  5    Str: 14    XL:     7   Next: 55%
Magic:  9/9        EV: 12    Int: 11    God:
Gold:   174        SH:  5    Dex: 14    Spells: 6/6 levels left

rFire    + . .     SeeInvis .   C - +1 falchion
rCold    x . .     Gourm    .   h - +2 buckler
rNeg     . . .     Faith    .   b - +0 leather armour
rPois    .         Spirit   .   q - +0 helmet
rElec    .         Reflect  .   (no cloak)
rCorr    +         Harm     .   z - +0 pair of gloves
MR       .....                  (no boots)
Stlth    ++........             (no amulet)
HPRegen  0.16/turn              w - ring of resist corrosion
MPRegen  0.11/turn              r - ring of fire

@: no status effects
A: no striking features
a: no special abilities


You were on level 4 of the Dungeon.
You were very hungry.

You visited 1 branch of the dungeon, and saw 5 of its levels.

You collected 174 gold pieces.

Inventory:

Hand Weapons
 a - a +0 short sword
 j - a +3 hand axe
 C - a +1 falchion (weapon)
Missiles
 y - 4 tomahawks (quivered)
Armour
 b - a +0 leather armour (worn)
 h - a +2 buckler (worn)
 q - a +0 helmet (worn)
 z - a +0 pair of gloves (worn)
Jewellery
 r - a ring of fire (right hand)
 w - a ring of resist corrosion (left hand)
Wands
 c - a wand of flame (1)
 d - a wand of enslavement (19)
 e - a wand of random effects (3)
Scrolls
 k - a scroll of magic mapping
 m - 3 scrolls of remove curse
 x - 3 scrolls of identify
Potions
 n - 2 potions of lignification {unknown}
 o - a potion of degeneration {unknown}
 p - 3 potions of ambrosia
 s - a potion of heal wounds {unknown}
 t - a potion of magic {unknown}
 u - 2 potions of cancellation {unknown}
 B - a potion of curing {unknown}
Comestibles
 f - 8 rations


   Skills:
 + Level 2.2 Fighting
 + Level 4.0(4.1) Short Blades
 + Level 1.1(2.7) Long Blades
 * Level 2.6 Throwing
 + Level 2.6 Armour
 + Level 2.6 Dodging
 + Level 2.6 Stealth
 + Level 0.1 Shields
 + Level 3.9 Evocations


You had 6 spell levels left.
You didn't know any spells.
Your spell library was empty.

Dungeon Overview and Level Annotations

Branches:
Dungeon (5/15)             Temple (0/1) D:5

Altars:
Elyvilon
Uskayaw
Xom
Yredelemnul

Shops:
D:5 [

Annotations:
D:1 exclusion: downstairs
D:3 exclusion: downstairs
D:4 exclusion: phantom
D:5 Menkaure


Message History

Something hits you.
* * * LOW HITPOINT WARNING * * *
Something shocks you.
* * * LOW HITPOINT WARNING * * *
There is a stone staircase leading up here.
Something hits you but does no damage.
You climb upwards.
Level annotation: exclusion: phantom Reactivating autopickup.
There is a stone staircase leading down here.
Something hits you.
* * * LOW HITPOINT WARNING * * *
Something shocks you.
* * * LOW HITPOINT WARNING * * *
Deactivating autopickup; reactivate with Ctrl-A.
Something hits you but does no damage. Something hits you.
* * * LOW HITPOINT WARNING * * *
Something shocks you.
You die...

###########≈≈≈# #.##
#...# #≈≈≈≈≈##### ##.#
##...
###########≈≈≈≈≈# #).#
#...
.≈≈≈≈≈≈#######≈≈###.##
##..
.###≈≈≈≈≈≈≈≈≈≈#≈≈≈#.#
#.. .#
################.# ##.
.# #.....####.## ##.
.# #.....##..>## #..
.# ##.......@...##
###+# .####
##......#####..##
#≈≈≈≈ ....###...#####
##..## #≈≈≈≈
##......###
##..######≈≈≈≈
#.....###
##>.....#≈≈≈≈ .......#
#......###'# .......##
##..##...... ........#
#..##...... ........#
#..##......


There were no monsters in sight!

Vanquished Creatures
  2 ogres (D:4)
  An ice beast (D:5)
  A howler monkey (D:5)
  3 worker ants
  A hound skeleton (D:4)
  7 adders
  A shadow imp (D:5)
  3 adder skeletons (D:4)
  3 worms
  3 dart slugs
  6 leopard geckos
  6 orcs
  6 bats
  5 giant cockroaches
  6 goblins
  6 hobgoblins
  4 jackals (D:4)
  5 kobolds
  2 quokkas
  7 frilled lizards
  7 rats
85 creatures vanquished.

Notes
Turn   | Place    | Note
-------+----------+-------------------------------------------
     0 | D:1      | H0rd4k the Human Artificer began the quest for the Orb.
     0 | D:1      | Reached XP level 1. HP: 15/15 MP: 3/3
   314 | D:1      | Reached XP level 2. HP: 20/21 MP: 4/4
   674 | D:1      | Reached XP level 3. HP: 17/26 MP: 5/5
  1197 | D:2      | Reached skill level 2 in Short Blades
  1197 | D:2      | Reached XP level 4. HP: 32/32 MP: 6/6
  1230 | D:2      | Reached skill level 1 in Armour
  1469 | D:2      | Found a basalt altar of Yredelemnul.
  1538 | D:2      | Found a white marble altar of Elyvilon.
  1902 | D:3      | Found a shimmering altar of Xom.
  1925 | D:3      | Reached XP level 5. HP: 29/37 MP: 7/7
  1975 | D:3      | Found a hide-covered altar of Uskayaw.
  2507 | D:4      | Noticed an ogre
  2515 | D:4      | Killed an ogre
  2515 | D:4      | Reached skill level 3 in Short Blades
  2515 | D:4      | Reached skill level 1 in Throwing
  2515 | D:4      | Reached XP level 6. HP: 18/43 MP: 8/8
  3010 | D:4      | Noticed an ogre
  3018 | D:4      | Killed an ogre
  3226 | D:4      | Reached XP level 7. HP: 45/49 MP: 9/9
  3754 | D:5      | Entered Level 5 of the Dungeon
  3941 | D:5      | Noticed Menkaure
  4401 | D:5      | Reached skill level 4 in Short Blades
  4401 | D:5      | Reached skill level 1 in Long Blades
  4429 | D:5      | Found Afapen's Armour Boutique.
  4724 | D:4      | HP: 2/50 [something (5)]
  4725 | D:4      | Slain by a sky beast

Skill      XL: |  1  2  3  4  5  6  7 |
---------------+----------------------+-----
Short Blades   | 2 3 4 |  4.0
Armour         | 1 2 |  2.6
Throwing       | 1 2 |  2.6
Stealth        | 2 |  2.6
Fighting       | 2 |  2.2
Long Blades    | 1 |  1.1
Dodging        | |  2.6
Shields        | |  0.1
Evocations     | |  3.9

Action                   |  1- 3 |  4- 6 |  7- 9 || total
-------------------------+-------+-------+-------++-------
Melee: Short sword       |    91 |   186 |    21 ||   298
       Falchion          |       |       |    56 ||    56
Evoke: Wand              |     2 |    15 |     9 ||    26
  Use: Scroll            |       |       |     8 ||     8
 Stab: Sleeping          |     2 |     6 |     2 ||    10
       Paralysed         |       |     3 |       ||     3
  Eat: Chunk             |     1 |     4 |     3 ||     8
       Ration            |       |     1 |       ||     1
Armor: Leather armour    |    20 |    31 |    23 ||    74
Dodge: Dodged            |    50 |   103 |    51 ||   204
Block: Buckler           |       |       |    20 ||    20
       Rpst.: Falchion   |       |       |    17 ||    17
